 Dungeon Crawl Stone Soup version 0.21-a0-401-g0b6bec4 (webtiles) character file.

19483 Moloch the Arsonist (level 12, -10/74 HPs)
             Began as a Demonspawn Wizard on Oct 24, 2017.
             Was an Elder of Vehumet.
             Mangled by a death yak (19 damage)
             ... on level 4 of the Lair of Beasts.
             The game lasted 00:56:50 (17543 turns).

Moloch the Arsonist (Demonspawn Wizard)            Turns: 17543, Time: 00:56:51

Health: -10/74     AC: 14    Str:  9    XL:     12   Next: 36%
Magic:  0/27       EV: 17    Int: 24    God:    Vehumet [****..]
Gold:   243        SH:  0    Dex: 11    Spells: 10/33 levels left

rFire    + . .     SeeInvis .   B - +3 dagger (venom)
rCold    + . .     Gourm    +   (no shield)
rNeg     . . .     Faith    .   I - +1 robe {rC+ rF+}
rPois    .         Spirit   +   F - +0 helmet
rElec    +         Reflect  .   z - +2 cloak
rCorr    .         Harm     .   L - +0 pair of gloves
MR       .....                  l - +1 pair of boots
Stlth    +++.......             G - amulet of the gourmand
HPRegen  0.22/turn              K - +5 ring of evasion
MPRegen  0.20/turn              P - ring of stealth

@: very slightly contaminated
A: claws 2, thin metallic scales 3, powered by death 1, magic shield
a: Renounce Religion


You were on level 4 of the Lair of Beasts.
You worshipped Vehumet.
Vehumet was greatly pleased with you.
You were very full.

You visited 2 branches of the dungeon, and saw 13 of its levels.
You also visited: Labyrinth.

You collected 663 gold pieces.
You spent 420 gold pieces at shops.

Inventory:

Hand Weapons
 B - a +3 dagger of venom (weapon)
Missiles
 f - 4 throwing nets (quivered)
Armour
 l - a +1 pair of boots (worn)
 z - a +2 cloak (worn)
 F - a +0 helmet (worn)
 I - a +1 robe of resistance (worn)
 L - a +0 pair of gloves (worn)
Jewellery
 v - an uncursed ring of poison resistance
 w - an uncursed ring of positive energy
 C - a +5 amulet of reflection
 G - an amulet of the gourmand (around neck)
 K - a +5 ring of evasion (left hand)
 N - an uncursed ring of ice
 P - a ring of stealth (right hand)
Wands
 c - a wand of digging (18/24)
 q - a wand of iceblast (6/15)
 R - a wand of paralysis (5/24)
 X - a wand of lightning (11/15)
Scrolls
 b - 2 scrolls of fog
 h - a scroll of random uselessness {unknown}
 i - 6 scrolls of teleportation {unknown}
 j - 2 scrolls of amnesia
 p - 7 scrolls of remove curse
 r - a scroll of magic mapping
 y - a scroll of enchant armour {unknown}
 E - 5 scrolls of immolation
 H - 5 scrolls of recharging {unknown}
 M - 3 scrolls of enchant weapon {unknown}
 U - 2 scrolls of blinking {unknown}
 V - a scroll of acquirement {unknown}
Potions
 g - 2 potions of magic
 m - a potion of mutation {unknown}
 s - 3 potions of curing
 t - a potion of cancellation
 u - 3 potions of agility
 x - 3 potions of brilliance {unknown}
 A - 2 potions of might
 D - a potion of haste {unknown}
 O - a potion of degeneration {unknown}
 T - a potion of lignification
 Y - a potion of berserk rage
 Z - 2 potions of heal wounds
Books
 Q - a book of Party Tricks

   Spells                             Type                      Level
   a - Summon Butterflies             Summoning                    1
   b - Apportation                    Translocation                1
   c - Lesser Beckoning               Translocation                3
   d - Tukima's Dance                 Hexes                        3
   e - Alistair's Intoxication        Transmutation/Poison         5
   f - Invisibility                   Hexes                        6
 W - a book of Flames

   Spells                             Type                      Level
   a - Flame Tongue                   Conjuration/Fire             1
   b - Throw Flame                    Conjuration/Fire             2
   c - Conjure Flame                  Conjuration/Fire             3
   d - Inner Flame                    Hexes/Fire                   3
   e - Sticky Flame                   Conjuration/Fire             4
   f - Fireball                       Conjuration/Fire             5
Comestibles
 d - 9 bread rations
 n - 2 royal jellies
 o - 4 meat rations
 J - 8 fruits


   Skills:
 - Level 1.7 Dodging
 - Level 1.7 Stealth
 + Level 11.0 Spellcasting
 + Level 10.5 Conjurations
 - Level 1.0 Summonings
 - Level 0.8 Translocations
 * Level 12.2 Fire Magic


You had 10 spell levels left.
You knew the following spells:

 Your Spells              Type           Power        Failure   Level  Hunger
a - Magic Dart            Conj           ####         1%          1    None
b - Blink                 Tloc           N/A          4%          2    None
c - Call Imp              Summ           ###.....     4%          2    None
d - Mephitic Cloud        Conj/Pois/Air  ####....     1%          3    None
e - Conjure Flame         Conj/Fire      ######..     1%          3    None
f - Slow                  Hex            ##......     7%          2    None
g - Summon Butterflies    Summ           ###.....     3%          1    None
h - Fireball              Conj/Fire      ######....   1%          5    ####...
i - Sticky Flame          Conj/Fire      ######..     1%          4    None


Dungeon Overview and Level Annotations

Branches:
Dungeon (9/15)             Temple (0/1) D:7            Lair (4/6) D:9
  Swamp (0/4) Lair:2       Spider (0/4) Lair:2
    Orc: D:9-12

Altars:
Ashenzari
Dithmenos
Elyvilon
Fedhas
Kikubaaqudgha
Qazlal
Vehumet
Yredelemnul
The Shining One

Shops:
D:4 :**

Annotations:
D:7 2 transporters
Lair:4 1 runed door


Innate Abilities, Weirdness & Mutations

You have very sharp fingernails.
You are completely covered in thin metallic scales. (AC +4, rElec)
You regenerate a little health from kills.
When hurt, damage is shared between your health and your magic reserves.


Message History

The minotaur closely misses you. x2
Welcome back to the Lair of Beasts!
Level annotation: 1 runed door A death yak comes into view.
The yak gores you!
* * * LOW HITPOINT WARNING * * *
The yak gores you.
* * * LOW HITPOINT WARNING * * *
The death yak gores you but does no damage.
The yak misses you.
The death yak bellows!
There is an empty arch of ancient stone here.
Unknown command.
Unknown command.
Casting: Fireball
Confirm with . or Enter, or press ? or * to list all spells.
You miscast Blink.
You feel uncomfortable.
You hear a bellow!
The death yak gores you!!
You die...

#...........# #..........P#
##..........#* #...........###
##.............#
##.............P#**
##........?......P,**
##.........H.......,,**
##....P...YY@Y......,,,***
###.P...P#...YY....t..,,,,,**
#P.P.PP.PP........##..,,,,,,***
###.PP.PPPPPP........#,,,,,,,,*,*
....PPPPP..P........P#**,,,,,,,,*
#....PPP.P...$.......# **,,,,,,,,
.....PPP.P...........# *,,,,,,,,
......PPP..PP....Y..## **,,,,,,,,
......PPPPP..,,,,,,,****,,,,,,,,,


You could see 3 death yaks, a minotaur, 3 yaks and a crocodile.

Vanquished Creatures
  A hydra (Lair:3)
  A two-headed ogre (D:8)
  3 death yaks
  Pikel (D:4)
  An elephant (D:9)
  Maurice (D:8)
  5 black mambas
  Psyche (D:8)
  6 spiny frogs
  A rime drake (Lair:3)
  3 komodo dragons
  3 jumping spiders (Lair:2)
  5 polar bears
  5 hippogriffs
  Sigmund (D:5)
  5 redbacks (Lair:2)
  8 yaks
  A basilisk (Lair:2)
  2 wyverns
  6 swamp worms (Lair:2)
  5 water moccasins
  3 porcupines
  2 sky beasts (D:8)
  4 black bears
  2 phantoms (D:4)
  2 slaves (D:5)
  7 crocodiles
  5 centaurs
  3 ogres (D:4)
  2 big kobolds
  3 bullfrogs
  A gnoll sergeant (D:7)
  A wyvern skeleton (D:9)
  4 scorpions
  An electric eel (Lair:2)
  5 crimson imps
  A centaur zombie (D:8)
  4 hounds
  2 orc priests (D:6)
  4 jellies
  Jessica (D:3)
  2 iguanas (D:9)
  3 orc wizards (D:6)
  6 worker ants
  A killer bee zombie (D:8)
  A hound skeleton (D:6)
  A hound zombie (D:9)
  Robin (D:3)
  13 gnolls
  11 adders
  A river rat (D:3)
  5 oozes
  A worm (D:3)
  8 leopard geckos
  8 orcs
  4 bats
  9 giant cockroaches
  14 goblins
  9 hobgoblins
  8 jackals
  3 quokkas
  4 ball pythons
  6 frilled lizards
  10 kobolds
  A quokka zombie (D:8)
  8 rats
  A plant (Lair:1)
261 creatures vanquished.

Vanquished Creatures (collateral kills)
  A two-headed ogre (D:7)
  The ghost of torrenera the Magician, an amateur DEFE (D:4)
  An ogre (D:9)
  A gnoll (D:7)
  A leopard gecko (D:4)
  2 orcs
7 creatures vanquished.

Vanquished Creatures (others)
  A slave (D:5)
  6 fungi
  4 plants
11 creatures vanquished.

Grand Total: 279 creatures vanquished

Notes
Turn   | Place    | Note
-------+----------+-------------------------------------------
     0 | D:1      | Moloch the Demonspawn Wizard began the quest for the Orb.
     0 | D:1      | Reached XP level 1. HP: 13/13 MP: 4/4
   497 | D:1      | Gained mutation: You have sharp fingernails. [demonic ancestry]
   497 | D:1      | Reached XP level 2. HP: 19/19 MP: 3/6
   647 | D:1      | Learned a level 2 spell: Blink
   650 | D:1      | Learned a level 2 spell: Call Imp
   960 | D:1      | Gained mutation: You regenerate a little health from kills. [demonic ancestry]
   960 | D:1      | Reached XP level 3. HP: 24/24 MP: 0/7
  1296 | D:2      | Learned a level 3 spell: Mephitic Cloud
  1505 | D:2      | Found a basalt altar of Yredelemnul.
  1671 | D:2      | Reached XP level 4. HP: 30/30 MP: 4/8
  2383 | D:3      | Noticed a wyvern
  2458 | D:3      | Found a shadowy altar of Dithmenos.
  2480 | D:3      | Noticed Robin
  3035 | D:3      | Found a blossoming altar of Fedhas.
  3035 | D:3      | Found a radiant altar of Vehumet.
  3157 | D:3      | Became a worshipper of Vehumet
  3236 | D:3      | Gained mutation: You are partially covered in thin metallic scales. (AC +2) [demonic ancestry]
  3236 | D:3      | Reached XP level 5. HP: 35/35 MP: 8/10
  3256 | D:3      | Noticed Jessica
  3262 | D:3      | Killed Jessica
  3490 | D:3      | Killed Robin
  3546 | D:3      | Learned a level 3 spell: Conjure Flame
  3753 | D:3      | Killed a wyvern
  3753 | D:3      | Reached skill level 5 in Conjurations
  3753 | D:3      | Reached XP level 6. HP: 19/41 MP: 3/13
  3888 | D:4      | Learned a level 2 spell: Slow
  3936 | D:4      | Reached skill level 2 in Fire Magic
  4070 | D:4      | Noticed torrenera's ghost (amateur DEFE)
  4087 | D:4      | Found a basalt altar of Yredelemnul.
  4102 | D:4      | Killed torrenera's ghost
  4112 | D:4      | Found Cuf Hual's Assorted Antiques.
  4114 | D:4      | Reached * piety under Vehumet
  4114 | D:4      | Offered knowledge of Sting by Vehumet.
  4138 | D:4      | Found Koryonav's Book Shop.
  4200 | D:4      | Reached skill level 3 in Fire Magic
  4200 | D:4      | Reached XP level 7. HP: 46/46 MP: 7/14
  4426 | D:4      | Reached skill level 4 in Fire Magic
  4485 | D:4      | Found Onej's Assorted Antiques.
  4776 | D:4      | Found a shattered altar of Ashenzari.
  4861 | D:5      | Entered Level 5 of the Dungeon
  4944 | D:5      | Reached skill level 5 in Fire Magic
  5234 | D:5      | Noticed Sigmund
  5317 | D:5      | Noticed Pikel
  5446 | D:4      | Killed Pikel
  5446 | D:4      | Reached skill level 7 in Fire Magic
  5446 | D:4      | Gained mutation: When hurt, damage is shared between your health and your magic reserves. [demonic ancestry]
  5446 | D:4      | Reached XP level 8. HP: 48/52 MP: 4/15
  5960 | D:5      | Reached skill level 8 in Fire Magic
  6014 | D:5      | Killed Sigmund
  6827 | D:6      | Reached ** piety under Vehumet
  6827 | D:6      | Offered knowledge of Shock by Vehumet.
  7006 | D:6      | Found a white marble altar of Elyvilon.
  7091 | D:6      | Gained mutation: You have very sharp fingernails. [demonic ancestry]
  7091 | D:6      | Reached XP level 9. HP: 49/57 MP: 1/16
  7805 | D:7      | Found a staircase to the Ecumenical Temple.
  7806 | D:7      | Noticed a two-headed ogre
  7819 | D:7      | Killed a two-headed ogre
  7819 | D:7      | Reached skill level 5 in Spellcasting
  7819 | D:7      | Reached skill level 9 in Fire Magic
  8475 | D:7      | Found a transporter.
  8501 | D:7      | Noticed a kobold demonologist
  8511 | D:7      | Found a transporter.
  8948 | D:8      | Noticed a two-headed ogre
  8952 | D:8      | Offered knowledge of Throw Flame by Vehumet.
  8955 | D:8      | Learned a level 1 spell: Summon Butterflies
  9209 | D:8      | Killed a two-headed ogre
  9280 | D:8      | Noticed Maurice
  9294 | D:8      | Killed Maurice
  9331 | D:8      | Noticed Psyche
  9345 | D:8      | Killed Psyche
  9345 | D:8      | Reached XP level 10. HP: 63/63 MP: 17/21
  9401 | D:8      | You fall through a shaft!
  9538 | D:8      | Reached *** piety under Vehumet
  9794 | D:8      | Found a stormy altar of Qazlal.
 10651 | D:9      | Offered knowledge of Inner Flame by Vehumet.
 10666 | D:9      | Noticed an elephant
 10724 | D:9      | Killed an elephant
 11148 | D:4      | Bought a book of Flames for 420 gold pieces
 11154 | D:4      | Learned a level 5 spell: Fireball
 11159 | D:4      | Learned a level 4 spell: Sticky Flame
 11437 | D:9      | Reached skill level 10 in Fire Magic
 11533 | D:9      | Found a glowing golden altar of the Shining One.
 11585 | D:9      | Found an ancient bone altar of Kikubaaqudgha.
 11650 | D:9      | Found a staircase to the Lair.
 11859 | Lair:1   | Entered Level 1 of the Lair of Beasts
 12106 | Lair:1   | Noticed a black mamba
 12508 | Lair:1   | Killed a black mamba
 12508 | Lair:1   | Gained mutation: You are mostly covered in thin metallic scales. (AC +3) [demonic ancestry]
 12508 | Lair:1   | Reached XP level 11. HP: 49/68 MP: 8/24
 13405 | Lair:1   | Reached **** piety under Vehumet
 13839 | Lair:2   | Reached skill level 10 in Spellcasting
 13867 | Lair:2   | Reached skill level 11 in Fire Magic
 14197 | Lair:2   | Found a staircase to the Swamp.
 14201 | Lair:2   | Offered knowledge of Yara's Violent Unravelling by Vehumet.
 14407 | Lair:2   | Noticed a death yak
 14408 | Lair:2   | Noticed a death yak
 14408 | Lair:2   | Noticed a death yak
 14409 | Lair:2   | Noticed a death yak
 14409 | Lair:2   | Noticed a death yak
 14486 | Lair:1   | Killed a death yak
 15036 | Lair:2   | Found a hole to the Spider Nest.
 15166 | Lair:2   | Killed a death yak
 15166 | Lair:2   | Reached skill level 10 in Conjurations
 15167 | Lair:2   | Killed a death yak
 15167 | Lair:2   | Gained mutation: You are completely covered in thin metallic scales. (AC +4, rElec) [demonic ancestry]
 15167 | Lair:2   | Reached XP level 12. HP: 74/74 MP: 2/26
 15858 | Lair:3   | Reached skill level 12 in Fire Magic
 15952 | Lair:3   | Noticed a four-headed hydra
 16308 | Lair:3   | Killed a four-headed hydra
 17057 | Lair:4   | Found a runed door.
 17057 | Lair:4   | Noticed a seven-headed hydra
 17091 | Lair:4   | Noticed a death yak
 17093 | Lair:4   | Noticed a death yak
 17127 | Lair:4   | Found a labyrinth entrance.
 17141 | Lair:4   | Noticed a death yak
 17142 | Lab      | Entered a labyrinth
 17448 | Lab      | Noticed a minotaur
 17541 | Lab      | Found the +18 shield of the Gong {rElec rN+ MR+ EV-5}
 17542 | Lair:4   | Noticed a death yak
 17543 | Lair:4   | Mangled by a death yak

Vault maps used:
D:1:      dpeg_arrival_tiny_a
D:2:      yredelemnul_altar_generic
D:3:      grunt_dithmenos_smoke_and_mirrors, amethyst_overflow_temple_binary,
          portal_sewer_entry_b, first_bread, serial_bayou_lagoon_b,
          uniq_jessica, uniq_robin
D:4:      nicolae_ashenzari_panopticon, lemuel_doored_altar, serial_shops, shop,
          nicolae_shop_statue_plus, shop, minmay_quantized
D:5:      uniq_pikel, uniq_sigmund
D:6:      elyvilon_altar_5
D:7:      gammafunk_wand_slinger, minmay_temple_entry_glass
D:8:      grunt_qazlal_clouds, uniq_psyche, uniq_maurice
D:9:      kennysheep_blocky_hall, old_standard_altar,
          nicolae_overflow_crystal_walls, david_lair_generic
Lair:2:   beast_lair_carwin_large_2, nicolae_swamp_entry_splash_gauntlet,
          nicolae_spider_entry_tight_spaces, grunt_megastairs_5
Lair:3:   lemuel_fruit_fields
Lair:4:   lab_entry_generic, serial_forest, infiniplex_forest_clump_double,
          infiniplex_forest_clump_tiny, infiniplex_forest_lined_corner,
          infiniplex_forest_clump_cross, infiniplex_forest_straight_2,
          infiniplex_forest_clump_C, infiniplex_forest_straight_5,
          infiniplex_forest_straight_2, infiniplex_forest_clump_small,
          infiniplex_forest_lined_corner, pf_torpor_hydra
Lab:      labyrinth_spiral

Skill      XL: |  1  2  3  4  5  6  7  8  9 10 11 12 |
---------------+-------------------------------------+-----
Conjurations   | 2 3 4 5 7 8 10 | 10.5
Spellcasting   | 4 7 9 10 11 | 11.0
Fire Magic     | 3 7 8 9 10 11 12 | 12.2
Dodging        | |  1.7
Stealth        | |  1.7
Summonings     | |  1.0
Translocations | |  0.8

Action                   |  1- 3 |  4- 6 |  7- 9 | 10-12 || total
-------------------------+-------+-------+-------+-------++-------
Melee: Club              |     9 |       |       |       ||     9
       Unarmed           |     1 |       |       |       ||     1
       Dagger            |       |    21 |    56 |    75 ||   152
 Fire: Hunting sling     |    10 |   151 |   201 |    63 ||   425
 Cast: Magic Dart        |    81 |    51 |   193 |   145 ||   470
       Mephitic Cloud    |     2 |    20 |    42 |    23 ||    87
       Call Imp          |     1 |     4 |    12 |     5 ||    22
       Blink             |       |     1 |     7 |     2 ||    10
       Conjure Flame     |       |       |     6 |    16 ||    22
       Fireball          |       |       |       |   113 ||   113
       Sticky Flame      |       |       |       |    33 ||    33
Evoke: Wand              |       |       |    13 |     5 ||    18
  Use: Scroll            |       |       |     7 |    15 ||    22
       Potion            |       |       |       |     2 ||     2
 Stab: Confused          |       |     1 |     1 |     3 ||     5
       Paralysed         |       |       |    20 |       ||    20
  Eat: Chunk             |     2 |    10 |    28 |    42 ||    82
Armor: Robe              |     3 |    12 |    52 |    59 ||   126
Dodge: Dodged            |    23 |    33 |    95 |   108 ||   259

Table legend:
 A = Spawn XP
 B = Non-spawn XP
 C = Spawn XP percentage of total XP
 D = Spawn monster count
 E = Non-spawn monster count
 F = Spawn count percentage of total count
 G = Total turns spent on level
                    A         B        C        D         E        F      G
               +---------+---------+-------+---------+---------+-------+---------
         Total |       0 |   27833 |   0.0 |       0 |     265 |   0.0 | 17543
               +---------+---------+-------+---------+---------+-------+---------
           D:1 |       0 |      49 |   0.0 |       0 |      24 |   0.0 |  1440
           D:2 |       0 |     100 |   0.0 |       0 |      15 |   0.0 |  1061
           D:3 |       0 |     340 |   0.0 |       0 |      35 |   0.0 |  1373
           D:4 |       0 |    1407 |   0.0 |       0 |      20 |   0.0 |  1297
           D:5 |       0 |     640 |   0.0 |       0 |      17 |   0.0 |  1889
           D:6 |       0 |     376 |   0.0 |       0 |      18 |   0.0 |  1009
           D:7 |       0 |    1060 |   0.0 |       0 |      18 |   0.0 |  1101
           D:8 |       0 |    3209 |   0.0 |       0 |      26 |   0.0 |  1593
           D:9 |       0 |    1882 |   0.0 |       0 |      24 |   0.0 |  1096
        Lair:1 |       0 |    3885 |   0.0 |       0 |      15 |   0.0 |  1981
        Lair:2 |       0 |    9961 |   0.0 |       0 |      36 |   0.0 |  1847
        Lair:3 |       0 |    4602 |   0.0 |       0 |      15 |   0.0 |  1399
        Lair:4 |       0 |     322 |   0.0 |       0 |       2 |   0.0 |    57
               +---------+---------+-------+---------+---------+-------+---------
